 Dungeon Crawl Stone Soup version 0.21-a0-401-g0b6bec4 (webtiles) character file.

140 AmayaElls the Ruffian (level 5, 0/40 HPs)
             Began as a Draconian Transmuter on Oct 24, 2017.
             Was an Initiate of Elyvilon.
             Slain by Edmund
             ... wielding a +1 flail of holy wrath
              (7 damage)
             ... on level 4 of the Dungeon.
             The game lasted 00:20:05 (2988 turns).

AmayaElls the Ruffian (Draconian Transmuter)        Turns: 2988, Time: 00:20:05

Health: 0/40       AC:  2    Str: 13    XL:     5   Next: 2%
Magic:  5/9        EV: 20    Int: 13    God:    Elyvilon [......]
Gold:   239        SH:  0    Dex: 19    Spells: 3/9 levels left

rFire    . . .     SeeInvis .     - Unarmed
rCold    . . .     Gourm    .   (shield currently unavailable)
rNeg     . . .     Faith    .   (armour unavailable)
rPois    x         Spirit   .   (helmet currently unavailable)
rElec    .         Reflect  .   (cloak currently unavailable)
rCorr    .         Harm     .   (gloves currently unavailable)
MR       .....                  (boots currently unavailable)
Stlth    ++........             (no amulet)
HPRegen  0.13/turn              c - +2 ring of dexterity
MPRegen  0.11/turn              (no ring)

@: spider-form
A: unfitting armour, AC +5
a: End Transformation, Renounce Religion


You were on level 4 of the Dungeon.
You worshipped Elyvilon.
Elyvilon was noncommittal.
You were not hungry.
You were a venomous arachnid creature.
You visited 1 branch of the dungeon, and saw 4 of its levels.

You collected 239 gold pieces.

Inventory:

Hand Weapons
 l - a +1 hand axe of electrocution
Missiles
 a - 29 arrows
Armour
 d - a +0 pair of boots (melded)
 g - a +1 leather armour of cold resistance
Jewellery
 c - a +2 ring of dexterity (left front leg)
Scrolls
 j - a scroll of remove curse
 k - a scroll of fear
Potions
 e - a potion of ambrosia
 f - a potion of magic
 m - a potion of curing
Books
 b - a book of Changes

   Spells                             Type                      Level
   a - Beastly Appendage              Transmutation                1
   b - Sticks to Snakes               Transmutation                2
   c - Spider Form                    Transmutation/Poison         3
   d - Ice Form                       Ice/Transmutation            4
   e - Blade Hands                    Transmutation                5
Comestibles
 h - a bread ration
 i - 2 royal jellies


   Skills:
 + Level 1.3 Fighting
 + Level 2.4 Dodging
 + Level 0.5 Stealth
 + Level 4.0 Unarmed Combat
 + Level 2.9 Spellcasting
 + Level 2.9 Transmutations
 + Level 0.2 Poison Magic


You had 3 spell levels left.
You knew the following spells:

 Your Spells              Type           Power        Failure   Level  Hunger
a - Beastly Appendage     Tmut           #.....       19%         1    #......
b - Sticks to Snakes      Tmut           #.......     26%         2    ###....
c - Spider Form           Tmut/Pois      #.........   58%         3    ###....


Dungeon Overview and Level Annotations

Branches:
Dungeon (4/15)
 Temple: D:4-7

Altars:
Elyvilon
Kikubaaqudgha
The Shining One

Annotations:
D:4 Edmund; TheSlyBlade's ghost, amateur DsAK


Innate Abilities, Weirdness & Mutations

((Your plain brown scales are hard. (AC +5)))
You cannot fit into any form of body armour.
((You are cold-blooded and may be slowed by cold attacks.))


Message History

TheSlyBlade's ghost is heavily damaged.
TheSlyBlade's ghost hits you but does no damage.
Edmund hits you with a flail of holy wrath.
* * * LOW HITPOINT WARNING * * *
TheSlyBlade's ghost barely misses you. Edmund misses you.
You see here 14 gold pieces.
You hit Edmund but do no damage.
Edmund is poisoned.
TheSlyBlade's ghost closely misses you.
Your transformation has ended.
Your +0 pair of boots unmelds from your body.
Edmund hits you with a flail of holy wrath.
* * * LOW HITPOINT WARNING * * *
TheSlyBlade's ghost says regretfully, "I wish I had corrupted all of this!"
TheSlyBlade's ghost misses you.
Casting: Spider Form
Confirm with . or Enter, or press ? or * to list all spells.
You turn into a venomous arachnid creature.
Your +0 pair of boots melds into your body.
Edmund hits you with a flail of holy wrath!
You die...

###############
#.............#
#.............#
#.............#
#.............#
#....sW....$..#
........@.......#
................#
...........>....#
................#
.....############
..... .....


You could see Edmund and TheSlyBlade's ghost.

Vanquished Creatures
  Jessica (D:2)
  5 adders
  An ooze (D:3)
  A worm (D:2)
  A dart slug (D:1)
  An orc (D:3)
  14 goblins
  8 hobgoblins
  2 jackals (D:2)
  3 quokkas
  3 ball pythons
  4 bats
  3 frilled lizards
  4 kobolds
  7 rats
58 creatures vanquished.

Notes
Turn   | Place    | Note
-------+----------+-------------------------------------------
     0 | D:1      | AmayaElls the Draconian Transmuter began the quest for the Orb.
     0 | D:1      | Reached XP level 1. HP: 16/16 MP: 3/3
   393 | D:1      | Reached XP level 2. HP: 23/23 MP: 3/5
   482 | D:1      | Learned a level 2 spell: Sticks to Snakes
  1063 | D:2      | Reached XP level 3. HP: 8/28 MP: 6/6
  1326 | D:2      | Learned a level 2 spell: Sticks to Snakes
  1330 | D:2      | Learned a level 3 spell: Spider Form
  1678 | D:2      | Noticed Jessica
  1688 | D:2      | Killed Jessica
  1688 | D:2      | Reached XP level 4. HP: 15/35 MP: 3/8
  2042 | D:2      | Found a glowing golden altar of the Shining One.
  2042 | D:2      | Found an ancient bone altar of Kikubaaqudgha.
  2511 | D:3      | Found a faded altar of an unknown god.
  2521 | D:3      | Became a worshipper of the Shining One
  2521 | D:3      | Reached * piety under the Shining One
  2636 | D:3      | Reached skill level 4 in Unarmed Combat
  2781 | D:3      | Found a white marble altar of Elyvilon.
  2805 | D:3      | Fell from the grace of the Shining One
  2805 | D:3      | Became a worshipper of Elyvilon the Healer
  2842 | D:3      | Reached XP level 5. HP: 40/40 MP: 7/9
  2965 | D:4      | Noticed TheSlyBlade's ghost (amateur DsAK)
  2968 | D:4      | Noticed Edmund
  2988 | D:4      | Slain by Edmund

Vault maps used:
D:1:      minmay_arrival_checkered_box
D:2:      gammafunk_temple_overflow_elements, uniq_jessica
D:3:      cheibrodos_greedy_goblins, chequers_ecumenical_altar_lobes,
          elyvilon_altar_3
D:4:      serial_shops, shop, uniq_edmund

Skill      XL: |  1  2  3  4 |
---------------+-------------+-----
Dodging        | 2 |  2.4
Unarmed Combat | 4 |  4.0
Fighting       | |  1.3
Stealth        | |  0.5
Spellcasting   | |  2.9
Transmutations | |  2.9
Poison Magic   | |  0.2

Action                   |  1- 3 |  4- 6 || total
-------------------------+-------+-------++-------
Melee: Unarmed           |   130 |   102 ||   232
       Tailslap          |     5 |     4 ||     9
       Headbutt          |    12 |     8 ||    20
       Kick              |     1 |       ||     1
       Punch             |     1 |       ||     1
 Cast: Beastly Appendage |    20 |    12 ||    32
       Spider Form       |     2 |     2 ||     4
  Use: Scroll            |     8 |     4 ||    12
       Potion            |     6 |     2 ||     8
 Stab: Sleeping          |       |     1 ||     1
  Eat: Bread ration      |     1 |     1 ||     2
Armor: Skin              |    34 |    19 ||    53
Dodge: Dodged            |   107 |    77 ||   184

Table legend:
 A = Spawn XP
 B = Non-spawn XP
 C = Spawn XP percentage of total XP
 D = Spawn monster count
 E = Non-spawn monster count
 F = Spawn count percentage of total count
 G = Total turns spent on level
                    A         B        C        D         E        F      G
               +---------+---------+-------+---------+---------+-------+---------
         Total |       0 |     200 |   0.0 |       0 |      58 |   0.0 |  2988
               +---------+---------+-------+---------+---------+-------+---------
           D:1 |       0 |      30 |   0.0 |       0 |      19 |   0.0 |   934
           D:2 |       0 |     122 |   0.0 |       0 |      22 |   0.0 |  1444
           D:3 |       0 |      48 |   0.0 |       0 |      17 |   0.0 |   587
               +---------+---------+-------+---------+---------+-------+---------
